 Dungeon Crawl Stone Soup version 0.28-a0-533-g9f97627e2a (webtiles) character file.

Game seed: 9898643177560636743

88 heikuro the Skirmisher (level 4, -2/41 HPs)
             Began as a Minotaur Fighter on Sept 25, 2021.
             Slain by Sigmund (7 damage)
             ... on level 3 of the Dungeon.
             The game lasted 00:02:31 (1692 turns).

heikuro the Skirmisher (Minotaur Fighter)           Turns: 1692, Time: 00:02:32

Health: -2/41      AC:  7    Str: 21    XL:     4   Next: 30%
Magic:  3/3        EV:  9    Int:  5    God:
Gold:   107        SH:  0    Dex: 10    Spells: 3/3 levels left

rFire   + . .      SeeInvis .   a - +0 war axe
rCold   . . .      Faith    .   c - +0 buckler
rNeg    . . .      Spirit   .   g - +0 scale mail
rPois   .          Reflect  .   (helmet restricted)
rElec   .          Harm     .   (no cloak)
rCorr   .          Rampage  .   (no gloves)
Will    .....                   (no boots)
Stlth   ..........              (no amulet)
HPRegen 0.13/turn               e - ring of protection from fire
MPRegen 0.08/turn               (no ring)

@: confused
A: horns 2, retaliatory headbutt
a: no special abilities


You were on level 3 of the Dungeon.
You visited 1 branch of the dungeon, and saw 3 of its levels.

You collected 107 gold pieces.

Inventory:

Hand Weapons
 a - a +0 war axe (weapon)
 b - a +2 hunting sling of freezing
Missiles
 o - 35 sling bullets
Armour
 c - a +0 buckler (worn)
 g - a +0 scale mail (worn)
Jewellery
 e - a ring of protection from fire (left hand)
Scrolls
 f - a scroll of torment {unknown}
 j - a scroll of noise {unknown}
 k - 4 scrolls of identify {unknown}
 l - a scroll of fear {unknown}
 p - a scroll of teleportation {unknown}
 q - a scroll of amnesia {unknown}
Potions
 d - a potion of might
 h - a potion of heal wounds {unknown}
 i - 2 potions of curing {unknown}
 m - a potion of brilliance {unknown}
 n - a potion of resistance {unknown}


   Skills:
 + Level 4.3 Fighting
 * Level 3.9 Axes
 + Level 1.2 Slings
 + Level 4.2 Armour
 - Level 4.0 Shields


You had 3 spell levels left.
You didn't know any spells.
Your spell library contained the following spells:

 Spells                   Type           Power      Damage    Failure   Level
 Dazzling Flash           Conj/Hex       0%         N/A       99%         3
 Iskenderun's Mystic Bla  Conj/Tloc      0%         2d3       100%        4
 Starburst                Conj/Fire      0%         6d3       100%        6


Dungeon Overview and Level Annotations

Branches:
Dungeon (3/15)

Altars:
Makhleb

Annotations:
D:3 Sigmund


Innate Abilities, Weirdness & Mutations

You have a pair of horns on your head.
You reflexively headbutt those who attack you in melee.


Message History

The kobold is heavily wounded.
You hit the endoplasm. The kobold hits you but does no damage.
The endoplasm closely misses you. Something hits you.
You hit the endoplasm.
You kill the endoplasm!
You hit the kobold but do no damage. You block the kobold's attack.
The kobold hits you but does no damage.
Unknown command.
A hobgoblin comes into view.
Found 16 arrows.
The hobgoblin shouts!
You hear an angry hiss.
You slash the kobold!
You kill the kobold!
The hobgoblin barely misses you.
You hear some strange, mumbled words.
Something tries to affect you, but you resist.
The hobgoblin closely misses you.
You barely miss the hobgoblin. The hobgoblin hits you.
A ball python comes into view.
Something hits you! The hobgoblin closely misses you. You furiously retaliate!
You headbutt the hobgoblin!
You kill the hobgoblin!
You slash something! Your headbutt misses something.
Something completely misses you.
You closely miss something. You headbutt something!
The ball python closely misses you. You furiously retaliate!
You headbutt the ball python.
You kill the ball python!
Something hits you!
You barely miss something. You headbutt something.
Your scale mail prevents you from hitting something.
You hear some strange, mumbled words.
You are confused.
Something hits you!
* * * LOW HITPOINT WARNING * * *
You're too confused to move!
A magic dart appears from out of thin air!
The magic dart hits you but does no damage.
You bump into the rock wall.
Something hits you!
You die...

...####.......#
......'.......#
..#####.......#
#.............#
#########....#
######....#
...........####
##########..{..#
#.# #.###@# ...
#(# #(# #.# #.#
#.# #.# #.# #..
###.########.#
###
.............#
.##....#######
.#..##.#
....<#.#


There were no monsters in sight!

Vanquished Creatures
  3 adders (D:2)
  A worm (D:2)
  6 ball pythons
  9 endoplasms
  2 giant cockroaches (D:1)
  5 goblins
  6 hobgoblins
  3 jackals (D:1)
  4 quokkas
  3 bats
  3 frilled lizards
  5 kobolds
  A rat (D:1)
51 creatures vanquished.

Notes
Turn   | Place    | Note
-------+----------+-------------------------------------------
     0 | D:1      | heikuro the Minotaur Fighter began the quest for the Orb.
     0 | D:1      | Reached XP level 1. HP: 19/19 MP: 0/0
   198 | D:1      | Reached XP level 2. HP: 27/27 MP: 1/1
   340 | D:1      | Found a faded altar of an unknown god.
   581 | D:1      | Reached XP level 3. HP: 33/33 MP: 2/2
  1160 | D:2      | Reached skill level 1 in Slings
  1213 | D:2      | Reached XP level 4. HP: 40/40 MP: 3/3
  1644 | D:3      | Found a burning altar of Makhleb.
  1660 | D:3      | Noticed Sigmund
  1692 | D:3      | Slain by Sigmund

Illustrated notes

Levels and vault maps discovered:
D:1:      psy_arrival_spokes, layout_basic, dreamdust_ecumenical_altar_statues,
          minmay_heptomino_o4
D:2:      wander_river, layout_loops_ring
D:3:      layout_basic, amcnicky_altar_gilded, mainiacjoe_overflow_chevrons,
          yredelemnul_altar_generic, serial_shops, shop, uniq_sigmund

Skill      XL: |  1  2  3 |
---------------+----------+-----
Axes           | 3 |  3.9
Fighting       | 4 |  4.3
Shields        | 4 |  4.0
Armour         | 4 |  4.2
Slings         | 1 |  1.2

Action                   |  1- 3 |  4- 6 || total
-------------------------+-------+-------++-------
Melee: War axe           |    89 |    24 ||   113
       Headbutt          |    10 |     4 ||    14
 Fire: Hunting sling     |     6 |     2 ||     8
Armor: Scale mail        |    41 |    15 ||    56
Dodge: Dodged            |    50 |    16 ||    66
Block: Buckler           |    14 |     4 ||    18

Table legend: (Time is in decaauts)
 A = Elapsed time spent in this place.
 B = Non-inter-level travel time spent in this place.
 C = Inter-level travel time spent in this place.
 D = Time resting spent in this place.
 E = Time spent auto-exploring this place.
 F = Levels seen in this place.
 G = Mean time per level.
                   A        B        C        D        E       F      G
               +--------+--------+--------+--------+--------+-----+--------+
         Total |   1750 |   1650 |    100 |      0 |   1267 |   3 |  583.3 |
       Dungeon |   1750 |   1650 |    100 |      0 |   1267 |   3 |  583.3 |
               +--------+--------+--------+--------+--------+-----+--------+

Top non-repeatable levels by time:
     D:1: 1001 daAuts
     D:2: 662 daAuts
     D:3: 86 daAuts
